 Dungeon Crawl Stone Soup version 0.29.1-1-gd02db6906a (webtiles) character file.

Game seed: 12273771465166340793

842 smilodon the Ruffian (level 7, -1/63 HPs)
             Began as a Troll Fighter on Sept 19, 2022.
             Was a Follower of Ru.
             Killed from afar by a white imp (5 damage)
             ... with a puff of frost
             ... summoned by Eustachio
             ... on level 5 of the Dungeon.
             The game lasted 00:06:46 (2858 turns).

smilodon the Ruffian (Troll Fighter)                Turns: 2858, Time: 00:06:46

Health: -1/63      AC:  4    Str: 27    XL:     7   Next: 67%
Magic:  6/6        EV: 10    Int:  4    God:    Ru [*.....]
Gold:   172        SH:  9    Dex: 15    Spells: 6/6 levels left

rFire   . . .      SeeInvis .     - Unarmed
rCold   . . .      Faith    .   b - +0 kite shield
rNeg    + . .      Spirit   .   a - +0 robe
rPois   .          Reflect  .   (helmet restricted)
rElec   .          Harm     .   (no cloak)
rCorr   .          Rampage  .   (gloves unavailable)
Will    .....                   (boots unavailable)
Stlth   +.........              (no amulet)
HPRegen 1.00/turn               s - +6 ring of dexterity
MPRegen 0.10/turn               u - ring of positive energy

@: no status effects
A: large, unfitting armour, claws 3, frail 1, regeneration 1, shaggy fur 1,
tough skin 1
a: Renounce Religion


You were on level 5 of the Dungeon.
You worshipped Ru.
Ru was aware of your devotion.
You visited 1 branch of the dungeon, and saw 5 of its levels.

You collected 172 gold pieces.

Inventory:

Missiles
 f - 2 throwing nets (quivered)
Armour
 a - a +0 robe (worn)
 b - a +0 kite shield (worn)
Jewellery
 r - an amulet of magic regeneration
 s - a +6 ring of dexterity (left claw)
 u - a ring of positive energy (right claw)
Wands
 m - a wand of paralysis (11)
Scrolls
 i - 2 scrolls of enchant weapon
 l - a scroll of enchant armour
 n - 5 scrolls of poison
 o - a scroll of vulnerability
 p - a scroll of immolation
 q - a scroll of blinking
 t - 3 scrolls of noise {unknown}
 v - a scroll of silence {unknown}
 w - a scroll of teleportation {unknown}
Potions
 c - a potion of might
 d - 3 potions of attraction {unknown}
 e - a potion of degeneration {unknown}
 g - a potion of mutation {unknown}
 h - a potion of heal wounds {unknown}
 j - a potion of haste {unknown}
 k - 4 potions of curing


   Skills:
 * Level 4.7 Fighting
 + Level 4.0 Dodging
 + Level 4.3 Shields
 * Level 5.1 Unarmed Combat


You had 6 spell levels left.
You didn't know any spells.
Your spell library contained the following spells:

 Spells                   Type           Power      Damage    Failure   Level
 Slow                     Hex            0%         N/A       78%         1
 Summon Small Mammal      Summ           0%         N/A       78%         1
 Call Canine Familiar     Summ           0%         N/A       98%         3
 Confusing Touch          Hex            0%         N/A       98%         3
 Summon Guardian Golem    Hex/Summ       0%         N/A       98%         3
 Vampiric Draining        Necr           0%         2d6       98%         3
 Airstrike                Air            0%         2d(0-16)  100%        4
 Summon Lightning Spire   Summ/Air       0%         N/A       100%        4
 Lightning Bolt           Conj/Air       0%         1d11      100%        5


Dungeon Overview and Level Annotations

Branches:
Dungeon (5/15)
 Temple: D:4-7

Altars:
Ru
The Shining One

Shops:
D:2 =

Annotations:
D:5 Eustachio


Innate Abilities, Weirdness & Mutations

You are too large for most types of armour.
You have claws for hands.
You are frail. (-10% HP)
Your natural rate of healing is unusually fast.
You are covered in fur. (AC +1)
You have tough skin. (AC +1)


Message History

Eustachio misses you.
You claw Eustachio!
Eustachio is heavily wounded.
The white imp gestures at you. The puff of frost hits you!
Eustachio drinks a potion.
Eustachio is healed!
The white imp gestures at you. The puff of frost hits you!
You barely miss Eustachio.
Eustachio is moderately wounded.
The white imp laughs crazily.
The white imp gestures at you. The puff of frost hits you.
Eustachio casts a spell.
Eustachio blinks!
You redirect the white imp's attack!
The white imp closely misses the ufetubus.
The white imp gestures at you. The puff of frost hits you!
The white imp attacks as you move away! The white imp closely misses you.
The white imp gestures at you. The puff of frost hits you.
Eustachio barely misses you. The white imp gestures at you.
The puff of frost hits you!
There is an open door here.
You scratch Eustachio.
Eustachio is moderately wounded.
The white imp gestures at you. The puff of frost hits you!
You block Eustachio's attack. The white imp gestures at you.
The puff of frost hits you.
* * * LOW HITPOINT WARNING * * *
You feel better. The white imp gestures at you. The puff of frost hits you!
* * * LOW HITPOINT WARNING * * *
Eustachio hits you with a +0 rapier.
* * * LOW HITPOINT WARNING * * *
The white imp gestures at you. The puff of frost hits you.
You die...

..####.# ##.# ..#
#.#####.######. ..#
#..............
..##########...####.
..'..........#..####
..##########.##....#
.........#......##.#
...#####.#.#....##5###
'#.#..<#.#.....@@.55.#
.#.#.###.#......###....#
.#.#.....#......# ...##
.#.#######......# .>##
.#..............# ###
###########.....#
................#
#################


You could see Eustachio, 2 white imps and an ufetubus (summoned).

Vanquished Creatures
  Menkaure (D:4)
  A centaur (D:5)
  A phantom (D:5)
  A necrophage (D:4)
  2 scorpions
  A howler monkey (D:5)
  A jelly (D:5)
  A hound (D:5)
  An orc priest (D:4)
  An iguana (D:5)
  Terence (D:3)
  3 adders
  9 gnolls
  A white imp (D:5)
  2 dart slugs
  7 orcs
  6 ball pythons
  8 bats
  8 endoplasms
  2 giant cockroaches (D:1)
  4 goblins
  11 hobgoblins
  9 kobolds
  2 quokkas
  3 frilled lizards
  5 rats
92 creatures vanquished.

Notes
Turn   | Place    | Note
-------+----------+-------------------------------------------
     0 | D:1      | smilodon the Troll Fighter began the quest for the Orb.
     0 | D:1      | Reached XP level 1. HP: 22/22 MP: 0/0
    88 | D:1      | Reached XP level 2. HP: 29/29 MP: 1/1
   161 | D:1      | Found a faded altar of an unknown god.
   172 | D:1      | Reached XP level 3. HP: 36/36 MP: 2/2
   218 | D:1      | You fall into a shaft and drop 1 floor!
   797 | D:2      | Found Rituyss's Jewellery Shoppe.
   935 | D:2      | Found a sacrificial altar of Ru.
  1023 | D:2      | Became a worshipper of Ru the Awakened
  1365 | D:3      | Reached XP level 4. HP: 37/44 MP: 3/3
  1557 | D:3      | Noticed Terence
  1563 | D:3      | Killed Terence
  1564 | D:3      | Reached skill level 3 in Unarmed Combat
  1568 | D:3      | Reached XP level 5. HP: 52/53 MP: 4/4
  1958 | D:4      | Noticed Menkaure
  1997 | D:4      | Killed Menkaure
  1998 | D:4      | Reached XP level 6. HP: 34/62 MP: 5/5
  2044 | D:4      | Reached skill level 4 in Unarmed Combat
  2059 | D:4      | Gained mutation: You are frail. (-10% HP) [Ru sacrifice]
  2059 | D:4      | Reached * piety under Ru
  2454 | D:5      | Entered Level 5 of the Dungeon
  2464 | D:5      | Reached XP level 7. HP: 39/63 MP: 6/6
  2601 | D:5      | Found a glowing golden altar of the Shining One.
  2731 | D:5      | Reached skill level 5 in Unarmed Combat
  2836 | D:5      | Noticed Eustachio
  2858 | D:5      | Killed from afar by a white imp

Illustrated notes

Levels and vault maps discovered:
D:1:      mrwooster_arrival_arrow, layout_basic, ebering_ecumenical_altar_rust
D:2:      layout_basic, serial_shops, nicolae_shop_statue_plus, basic_altar,
          minmay_quadrilaterals
D:3:      layout_rooms, minmay_between, uniq_terence
D:4:      layout_cave_pools, uniq_menkaure
D:5:      layout_basic, nicolae_tso_swordbearing_angel, kennysheep_doodads,
          uniq_eustachio

Skill      XL: |  1  2  3  4  5  6  7 |
---------------+----------------------+-----
Shields        | 3 4 |  4.3
Fighting       | 3 4 |  4.7
Dodging        | 3 4 |  4.0
Unarmed Combat | 3 4 5 |  5.1

Action                   |  1- 3 |  4- 6 |  7- 9 || total
-------------------------+-------+-------+-------++-------
Melee: Unarmed           |   107 |   127 |    33 ||   267
Invok: Sacrifice Health  |       |     1 |       ||     1
  Use: Scroll            |     3 |     3 |       ||     6
       Potion            |       |     2 |     1 ||     3
 Stab: Sleeping          |     3 |     2 |     1 ||     6
Armor: Robe              |    21 |    35 |     5 ||    61
Dodge: Dodged            |    26 |    45 |    13 ||    84
Block: Kite shield       |    29 |    55 |    15 ||    99
